 Dungeon Crawl Stone Soup version 0.19-a0-1442-g3b32ff5 (webtiles) character file.

32 Amnesiac the Cudgeler (level 3, 0/37 HPs)
             Began as an Ogre Warper on Sept 6, 2016.
             Slain by a rat (2 damage)
             ... on level 2 of the Dungeon.
             The game lasted 00:03:15 (1529 turns).

Amnesiac the Cudgeler (Ogre Warper)                 Turns: 1529, Time: 00:03:17

Health: 0/37       AC:  3    Str: 16    XL:     3   Next: 25%
Magic:  1/6        EV: 10    Int: 12    God:
Gold:   55         SH:  0    Dex: 10    Spells: 2 memorised, 3 levels left

rFire  . . .     SeeInvis .     l - -3 whip (curse)
rCold  . . .     Gourm    .     b - +0 robe
rNeg   . . .     Faith    .     (no shield)
rPois  .         Spirit   .     (helmet restricted)
rElec  .         Dismiss  .     (no cloak)
rCorr  .         Reflect  .     (gloves unavailable)
MR     .....     Harm     .     (boots unavailable)
Stlth  +.........               (no amulet)
                                (no ring)
                                (no ring)

@: no status effects
A: unfitting armour, tough skin 1
a: no special abilities


You were on level 2 of the Dungeon.
You were near starving.

You visited 1 branch of the dungeon, and saw 2 of its levels.

You collected 55 gold pieces.

Inventory:

Hand Weapons
 a - a +0 mace
 l - a cursed -3 whip (weapon)
Missiles
 e - 5 tomahawks of dispersal (quivered)
 h - 77 stones
 i - 2 throwing nets
Armour
 b - a +0 robe (worn)
Scrolls
 d - a scroll of blinking
Potions
 g - 2 potions of heal wounds
Books
 c - a book of Spatial Translocations

   Spells                             Type                      Level
   a - Apportation                    Translocation                1
   b - Blink                          Translocation                2
   c - Shroud of Golubria             Charms/Translocation         2
   d - Portal Projectile              Translocation                3
   e - Teleport Other                 Translocation                3
   f - Passage of Golubria            Translocation                4
Comestibles
 f - 2 bread rations
 j - a meat ration


   Skills:
 - Level 3.0 Fighting
 - Level 3.0 Maces & Flails
 + Level 2.1 Throwing
 - Level 2.1 Dodging
 - Level 2.5 Spellcasting
 - Level 2.5 Translocations


You had 3 spell levels left.
You knew the following spells:

 Your Spells              Type           Power        Failure   Level  Hunger
a - Apportation           Tloc           #.........   12%         1    #......
b - Portal Projectile     Tloc           #.....       30%         3    ###....


Dungeon Overview and Level Annotations

Branches:
Dungeon (2/15)

Altars:
Trog


Innate Abilities, Weirdness & Mutations

You are too large for most types of armour.
You have tough skin. (AC +1)


Message History

The bat hits you but does no damage. The bat closely misses you.
You completely miss the bat.
The bat is moderately wounded.
The bat barely misses you.
The rat twitches its whiskers.
You closely miss the bat.
The bat is moderately wounded.
The bat hits you but does no damage.
You hit the bat.
You kill the bat!
You closely miss the rat. The rat closely misses you.
You barely miss the rat. The rat bites you.
* * * LOW HITPOINT WARNING * * *
Okay, then.
Okay, then.
You hit the rat but do no damage. The rat barely misses you.
Quiver which item? (- for none, * to show all) (? for menu, Esc to quit)
Quivering
e - 5 tomahawks of dispersal for throwing.
You hit the rat but do no damage. The rat bites you.
You die...

...! ..#.# #.#.. #.#
.## # #########%# ..#
.# #
#.........###.##.r#
.#+#..(.....w..wg....#
.$...(##########r##.##
......# #@# ....([#
#.# .#(..(# #..
#####.# ##.# .)..((#
.. ####.(# #.. #((# ..
#..# ..# #..######


You could see a worm, a goblin and a rat.

Vanquished Creatures
  2 ball pythons (D:1)
  A giant cockroach (D:1)
  6 goblins
  4 hobgoblins
  4 jackals (D:1)
  3 bats
  A giant newt (D:1)
  5 kobolds
  A rat (D:1)
27 creatures vanquished.

Notes
Turn   | Place    | Note
-------+----------+-------------------------------------------
     0 | D:1      | Amnesiac the Ogre Warper began the quest for the Orb.
     0 | D:1      | Reached XP level 1. HP: 22/22 MP: 3/3
    68 | D:1      | Reached XP level 2. HP: 4/29 MP: 5/5
   954 | D:1      | Reached XP level 3. HP: 23/37 MP: 6/6
  1111 | D:2      | Learned a level 3 spell: Portal Projectile
  1133 | D:2      | Found a bloodstained altar of Trog.
  1529 | D:2      | Slain by a rat

Vault maps used:
D:1:      minmay_arrival_cross, kennysheep_pointless_box
D:2:      trog_hazing_becter

Skill      XL: |  1  2  3 |
---------------+----------+-----
Maces & Flails | 3 |  3.0
Fighting       | 3 |  3.0
Throwing       | 2 |  2.1
Dodging        | |  2.1
Spellcasting   | |  2.5
Translocations | |  2.5

Action                   || total
-------------------------++-------
Melee: Mace              ||    67
       Whip              ||    81
Throw: Stone             ||    44
 Cast: Portal Projectile ||     3
  Use: Scroll            ||     2
  Eat: Chunk             ||     1
Armor: Robe              ||    45
Dodge: Dodged            ||   127
